 Dungeon Crawl Stone Soup version 0.26.1-11-gd32895ea62 (webtiles) character file.

Game seed: 2697522134202894105

313 Zeld the Chucker (level 6, -7/39 HPs)
             Began as an Octopode Brigand on May 16, 2021.
             Mangled by a river rat (10 damage)
             ... on level 3 of the Dungeon.
             The game lasted 00:02:32 (3169 turns).

Zeld the Chucker (Octopode Brigand)                 Turns: 3169, Time: 00:02:32

Health: -7/39      AC:  1    Str: 12    XL:     6   Next: 43%
Magic:  10/10      EV: 13    Int: 13    God:
Gold:   130        SH:  0    Dex: 14    Spells: 11/11 levels left

rFire    . . .     SeeInvis .   a - +2 dagger
rCold    . . .     Faith    .   (no shield)
rNeg     . . .     Spirit   .   (helmet restricted)
rPois    .         Reflect  .   (no amulet)
rElec    .         Harm     .   (no ring)
rCorr    .         Rampage  .   (no ring)
Will     .....                  (no ring)
Stlth    ++++......             (no ring)
HPRegen  0.13/turn              (no ring)
MPRegen  0.12/turn              (no ring)
                                (no ring)
                                (no ring)

@: no status effects
A: almost no armour, stealthy swim, amphibious, 8 rings, constrict 8, camouflage
1, gelatinous body 1
a: no special abilities


You were on level 3 of the Dungeon.
You visited 1 branch of the dungeon, and saw 3 of its levels.

You collected 130 gold pieces.

Inventory:

Hand Weapons
 a - a +2 dagger (weapon)
Missiles
 b - 17 poisoned darts (quivered)
 c - 2 curare-tipped darts
Wands
 k - a wand of polymorph (6)
Scrolls
 e - 2 scrolls of fear {unknown}
 f - 3 scrolls of identify {unknown}
 i - 3 scrolls of remove curse {unknown}
 j - a scroll of teleportation {unknown}
Potions
 d - a potion of berserk rage {unknown}
 g - a potion of mutation {unknown}
 h - a potion of flight {unknown}
 l - a potion of degeneration {unknown}


   Skills:
 - Level 2.0 Fighting
 - Level 2.0 Short Blades
 * Level 5.5 Throwing
 - Level 1.0 Dodging
 - Level 5.3 Stealth
 + Level 3.0 Spellcasting


You had 11 spell levels left.
You didn't know any spells.
Your spell library was empty.

Dungeon Overview and Level Annotations

Branches:
Dungeon (3/15)

Altars:
Ashenzari
Dithmenos
Elyvilon
Yredelemnul

Portals:
Sewer: D:3


Innate Abilities, Weirdness & Mutations

You cannot wear most types of armour.
You are very stealthy in the water. (Stealth+)
You are amphibious.
You can wear up to eight rings at the same time.
You can use your tentacles to constrict eight enemies at once.
Your skin changes colour to match your surroundings (Stealth+).
Your rubbery body absorbs attacks. (AC +1, EV +1)


Message History

You barely miss the river rat. Your grab misses the river rat.
You squeeze the river rat.
The river rat is moderately wounded.
The river rat bites you!
* * * LOW HITPOINT WARNING * * *
You barely miss the river rat. Your grab misses the river rat.
The river rat is moderately wounded.
The river rat misses you.
The rat splashes around in the water.
There is an open door here.
The river rat barely misses you.
You closely miss the river rat. Your grab misses the river rat.
You squeeze the river rat.
The river rat is heavily wounded.
The river rat bites you!
* * * LOW HITPOINT WARNING * * *
You hit the river rat. You grab the river rat.
The river rat is severely wounded.
You constrict the river rat, but do no damage.
The river rat bites you!
You die...

.# . .###.. .##...
...... ###.##..#
#######...##...
#...rr@...##..#
#.##'###..##..#
#††≈≈#..##..#
#≈≈≈≈#..##..#
#≈≈∩≈#..##..#
#≈≈≈≈#..##..###
#≈≈≈B#........##.#
.######.)........#
.........##..#.##.#


You could see a river rat and a rat.

Vanquished Creatures
  Sigmund (D:2)
  A sky beast (D:2)
  A river rat (D:3)
  4 worms
  2 leopard geckos
  A ball python (D:3)
  4 giant cockroaches
  4 goblins
  A hobgoblin (D:3)
  3 jackals (D:2)
  A quokka (D:2)
  A bat (D:1)
  4 frilled lizards (D:2)
  4 kobolds
  4 rats
36 creatures vanquished.

Notes
Turn   | Place    | Note
-------+----------+-------------------------------------------
     0 | D:1      | Zeld the Octopode Brigand began the quest for the Orb.
     0 | D:1      | Reached XP level 1. HP: 14/14 MP: 1/1
   540 | D:1      | Reached XP level 2. HP: 12/19 MP: 2/2
   996 | D:2      | Noticed a sky beast
  1052 | D:2      | Noticed Sigmund
  1163 | D:2      | Reached skill level 1 in Spellcasting
  1253 | D:2      | Killed a sky beast
  1254 | D:2      | Reached XP level 3. HP: 8/24 MP: 3/6
  1254 | D:2      | Reached XP level 4. HP: 10/29 MP: 3/7
  2077 | D:2      | Found a white marble altar of Elyvilon.
  2161 | D:2      | Reached XP level 5. HP: 25/34 MP: 8/8
  2379 | D:2      | Found a broken altar of Ashenzari.
  2606 | D:2      | Found a basalt altar of Yredelemnul.
  2608 | D:2      | Found a shadowy altar of Dithmenos.
  2655 | D:2      | Found a shadowy altar of Dithmenos.
  2658 | D:2      | Found a basalt altar of Yredelemnul.
  2722 | D:2      | Found a broken altar of Ashenzari.
  2744 | D:2      | Found a white marble altar of Elyvilon.
  2983 | D:2      | Killed Sigmund
  2984 | D:2      | Reached skill level 5 in Throwing
  2984 | D:2      | Reached XP level 6. HP: 37/39 MP: 8/10
  3134 | D:3      | Found a glowing drain.
  3169 | D:3      | Mangled by a river rat

Illustrated notes

Levels and vault maps discovered:
D:1:      dpeg_arrival_circle_labyrinth_c, layout_basic
D:2:      layout_rooms, general_overflow_altar, nicolae_overflow_crystal_walls,
          minitemple, uniq_sigmund
D:3:      layout_loops_ring, lightli_temple_of_fire, old_standard_altar,
          makhleb_heckhound_becter, portal_sewer_entry_c

Skill      XL: |  1  2  3  4  5 |
---------------+----------------+-----
Spellcasting   | 2 3 |  3.0
Throwing       | 4 5 |  5.5
Fighting       | |  2.0
Short Blades   | |  2.0
Dodging        | |  1.0
Stealth        | |  5.3

Action                   |  1- 3 |  4- 6 || total
-------------------------+-------+-------++-------
Melee: Dagger            |    32 |    58 ||    90
       Constrict         |     3 |    13 ||    16
       Tentacles         |     5 |    16 ||    21
Throw: Dart              |     3 |    16 ||    19
 Stab: Sleeping          |     5 |     5 ||    10
Armor: Skin              |     3 |     1 ||     4
Dodge: Dodged            |    13 |    25 ||    38
